PCL
EUGENE EMERALDS @ SAN JOSE MISSIONS
07/09/1982
 
TOP OF THE 1ST
Eugene Emeralds batting - Pitching for San Jose Missions : RHP Tim Hamm
Pitching: RHP Tim Hamm
Batting: LHB James Peters 0-0: Ball
1-0: Called Strike
1-1: Foul Ball, location: 2F
1-2: Foul Ball, location: 2F
1-2: Ball
2-2: Foul Ball, location: 2F
2-2: Ball
3-2: Base on Balls
Batting: LHB Randy Bush 0-0: Ball
1-0: Foul Ball, location: 2F
1-1: Ball
Wild Pitch!
James Peters to second
2-1: Foul Ball, location: 2F
2-2: Fly out, F8 (Flyball, 78XD, EV 110.6 MPH)
Runner from 2nd tags up, SAFE at 3rd, no throw by CF
Batting: LHB Ty Gainey 0-0: Foul Ball, location: 2F
0-1: Foul Ball, location: 2F
0-2: Strikes out looking
Batting: LHB Dave Revering 0-0: Ball
1-0: DOUBLE (Groundball, 3L, EV 103.1 MPH)
James Peters scores
Batting: RHB Tony Pena 0-0: Swinging Strike
0-1: Swinging Strike
0-2: Ball
1-2: Fly out, F4 (Popup, 34D, EV 50.0 MPH)
Top of the 1st over - 1 run, 1 hit, 0 errors, 1 left on base; Eugene 1 - San Jose 0
BOTTOM OF THE 1ST
San Jose Missions batting - Pitching for Eugene Emeralds : RHP Armando Gutierrez
Pitching: RHP Armando Gutierrez
Batting: SHB Curt Bryan 0-0: Ball
1-0: Ball
2-0: Called Strike
2-1: Swinging Strike
2-2: Ball
3-2: Base on Balls
Batting: RHB Vance Law 0-0: Called Strike
0-1: Ball
1-1: DOUBLE (Groundball, 5L, EV 100.6 MPH)
Curt Bryan to third
Batting: SHB Bip Roberts 0-0: Ground out 1-3 (Groundball, 13S, EV 71.3 MPH)
Batting: LHB Marvell Wynne 0-0: Ball
1-0: Called Strike
1-1: Called Strike
1-2: Fly out, F7 (Flyball, 78M, EV 91.3 MPH)
Runner from 3rd tags up, SCORES, no throw by LF
Batting: RHB Ozzie Virgil 0-0: Ball
1-0: Called Strike
1-1: Fly out, F9 (Flyball, 9, EV 86.3 MPH)
Bottom of the 1st over - 1 run, 1 hit, 0 errors, 1 left on base; Eugene 1 - San Jose 1
TOP OF THE 2ND
Eugene Emeralds batting - Pitching for San Jose Missions : RHP Tim Hamm
Batting: LHB Alfredo Edmead 0-0: Ball
1-0: Foul Ball, location: 2F
1-1: Called Strike
1-2: Foul Ball, location: 2F
1-2: Ball
2-2: Strikes out swinging, 2-3 out at first.
Batting: RHB Tim Wallach 0-0: Ball
1-0: Called Strike
1-1: Ball
2-1: Foul Ball, location: 2F
2-2: Strikes out swinging
Batting: LHB Terry Lee 0-0: Ball
1-0: Ball
2-0: Ball
3-0: Called Strike
3-1: Ground out U3 (Groundball, 3S, EV 65.6 MPH)
Top of the 2nd over - 0 runs, 0 hits, 0 errors, 0 left on base; Eugene 1 - San Jose 1
BOTTOM OF THE 2ND
San Jose Missions batting - Pitching for Eugene Emeralds : RHP Armando Gutierrez
Batting: SHB David Piller 0-0: Foul Ball, location: 2F
0-1: Called Strike
0-2: SINGLE (Flyball, 78S, EV 90.6 MPH)
Batting: LHB Steven Michael 0-0: Bunted foul
0-1: Ball
1-1: Ball
2-1: Bunt missed!
2-2: Ball
3-2: Base on Balls
David Piller to second
Batting: RHB Pablo Cardiel 0-0: Ball
1-0: Foul Ball, location: 2F
1-1: Foul Ball, location: 2F
1-2: SINGLE (Line Drive, 78M, EV 94.4 MPH)
David Piller to third
Steven Michael to second
Runner from 3rd tries for Home, SAFE, throw by LF to home
Batting: LHB Jesus Valerio 0-0: Ball
1-0: Called Strike
1-1: Ball
2-1: SINGLE (Groundball, 56D, EV 98.8 MPH)
Steven Michael to third
Pablo Cardiel to second
Runner from 3rd tries for Home, SAFE, throw by LF to home
Pablo Cardiel to third
Jesus Valerio to second
Batting: SHB Curt Bryan 0-0: Ball
1-0: Ball
2-0: Ball
3-0: Called Strike
3-1: Base on Balls
Batting: RHB Vance Law 0-0: Ball
1-0: Ball
Wild Pitch!
Pablo Cardiel scores
Jesus Valerio to third
Curt Bryan to second
2-0: Ball
3-0: Base on Balls
Batting: SHB Bip Roberts 0-0: Ball
1-0: Ball
2-0: Ball
3-0: Base on Balls
Jesus Valerio scores
Curt Bryan to third
Vance Law to second
Batting: LHB Marvell Wynne 0-0: Ball
1-0: Fielders Choice at 2nd, 4-6 (Groundball, 4, EV 88.1 MPH)
Curt Bryan scores
Vance Law to third
Batting: RHB Ozzie Virgil 0-0: Swinging Strike
0-1: Ball
1-1: Fielders Choice at 2nd, 5-4 (Groundball, 56, EV 86.9 MPH)
Vance Law scores
Batting: SHB David Piller 0-0: Called Strike
0-1: Swinging Strike
0-2: Ball
1-2: Ball
2-2: Strikes out looking
Bottom of the 2nd over - 6 runs, 3 hits, 0 errors, 1 left on base; Eugene 1 - San Jose 7
TOP OF THE 3RD
Eugene Emeralds batting - Pitching for San Jose Missions : RHP Tim Hamm
Batting: RHB Derrell Baker 0-0: Fly out, F3 (Popup, 34, EV 82.5 MPH)
Batting: LHB James Peters 0-0: Ball
1-0: Swinging Strike
1-1: Ball
2-1: Ball
3-1: Foul Ball, location: 2F
3-2: Strikes out swinging
Batting: LHB Randy Bush 0-0: Called Strike
0-1: Called Strike
0-2: Foul Ball, location: 2F
0-2: Hit by Pitch
Batting: LHB Ty Gainey 0-0: Called Strike
0-1: 2-RUN HOME RUN (Flyball, 9D, EV 105.0 MPH), Distance : 364 ft
Batting: LHB Dave Revering 0-0: Foul Ball, location: 2F
0-1: Ball
1-1: Ball
2-1: SINGLE (Groundball, 34D, EV 100.6 MPH) (infield hit)
Batting: RHB Tony Pena 0-0: Ball
1-0: Ball
2-0: Called Strike
2-1: Ball
3-1: Called Strike
3-2: Strikes out swinging
Top of the 3rd over - 2 runs, 2 hits, 0 errors, 1 left on base; Eugene 3 - San Jose 7
BOTTOM OF THE 3RD
San Jose Missions batting - Pitching for Eugene Emeralds : RHP Armando Gutierrez
Batting: LHB Steven Michael 0-0: Called Strike
0-1: Fly out, F6 (Popup, 6M, EV 59.4 MPH)
Batting: RHB Pablo Cardiel 0-0: Called Strike
0-1: Foul Ball, location: 2F
0-2: SINGLE (Groundball, 56D, EV 98.1 MPH)
Batting: LHB Jesus Valerio 0-0: Ball
1-0: Fly out, F7 (Flyball, 7D, EV 91.9 MPH)
Batting: SHB Curt Bryan 0-0: Called Strike
0-1: Called Strike
0-2: Fielders Choice at 2nd, 5-4 (Groundball, 5, EV 101.3 MPH)
Bottom of the 3rd over - 0 runs, 1 hit, 0 errors, 1 left on base; Eugene 3 - San Jose 7
TOP OF THE 4TH
Eugene Emeralds batting - Pitching for San Jose Missions : RHP Tim Hamm
Batting: LHB Alfredo Edmead 0-0: Ball
1-0: Called Strike
1-1: Ball
2-1: Swinging Strike
2-2: Ball
3-2: Strikes out swinging
Batting: RHB Tim Wallach 0-0: Called Strike
0-1: Swinging Strike
0-2: Ball
1-2: Ball
2-2: Strikes out looking
Batting: LHB Terry Lee 0-0: Ball
1-0: Ball
2-0: Swinging Strike
2-1: Foul Ball, location: 2F
2-2: Ball
3-2: Strikes out swinging
Top of the 4th over - 0 runs, 0 hits, 0 errors, 0 left on base; Eugene 3 - San Jose 7
BOTTOM OF THE 4TH
San Jose Missions batting - Pitching for Eugene Emeralds : RHP Armando Gutierrez
Batting: RHB Vance Law 0-0: Called Strike
0-1: Called Strike
0-2: Fly out, F7 (Flyball, 7LS, EV 94.4 MPH)
Batting: SHB Bip Roberts 0-0: Ball
1-0: Foul Ball, location: 2F
1-1: Ball
2-1: Ground out 6-3 (Groundball, 6S, EV 88.8 MPH)
Batting: LHB Marvell Wynne 0-0: Foul Ball, location: 2F
0-1: Ball
1-1: Ball
2-1: SINGLE (Groundball, 25, EV 68.1 MPH) (infield hit)
Batting: RHB Ozzie Virgil 0-0: Ball
1-0: SINGLE (Line Drive, 56D, EV 108.8 MPH)
Marvell Wynne to second
Batting: SHB David Piller 0-0: Called Strike
0-1: Ball
1-1: Fielders Choice at 2nd, 6-4 (Groundball, 6, EV 83.8 MPH)
Bottom of the 4th over - 0 runs, 2 hits, 0 errors, 2 left on base; Eugene 3 - San Jose 7
TOP OF THE 5TH
Eugene Emeralds batting - Pitching for San Jose Missions : RHP Tim Hamm
Batting: RHB Derrell Baker 0-0: Ball
1-0: Swinging Strike
1-1: Called Strike
1-2: Foul Ball, location: 2F
1-2: Ball
2-2: Ground out 6-3 (Groundball, 56D, EV 86.9 MPH)
Batting: LHB James Peters 0-0: Foul Ball, location: 2F
0-1: Ball
1-1: Foul Ball, location: 2F
1-2: Ball
2-2: Ground out 4-3 (Groundball, 4, EV 86.9 MPH)
Batting: LHB Randy Bush 0-0: Swinging Strike
0-1: Ground out 1-3 (Groundball, 34S, EV 73.8 MPH)
Top of the 5th over - 0 runs, 0 hits, 0 errors, 0 left on base; Eugene 3 - San Jose 7
BOTTOM OF THE 5TH
San Jose Missions batting - Pitching for Eugene Emeralds : RHP Armando Gutierrez
Batting: LHB Steven Michael 0-0: Called Strike
0-1: Ball
1-1: Foul Ball, location: 2F
1-2: Foul Ball, location: 2F
1-2: Foul Ball, location: 2F
1-2: Ball
2-2: Fly out, F7 (Flyball, 78S, EV 90.6 MPH)
Batting: RHB Pablo Cardiel 0-0: Called Strike
0-1: Ball
1-1: Ball
2-1: Foul Ball, location: 2F
2-2: Ground out 6-3 (Groundball, 6MD, EV 86.3 MPH)
Batting: LHB Jesus Valerio 0-0: Called Strike
0-1: Called Strike
0-2: Fly out, F7 (Flyball, 7LS, EV 85.6 MPH)
Bottom of the 5th over - 0 runs, 0 hits, 0 errors, 0 left on base; Eugene 3 - San Jose 7
TOP OF THE 6TH
Eugene Emeralds batting - Pitching for San Jose Missions : RHP Tim Hamm
Batting: LHB Ty Gainey 0-0: Ground out 6-3 (Groundball, 6S, EV 82.5 MPH)
Batting: LHB Dave Revering 0-0: Called Strike
0-1: Foul Ball, location: 2F
0-2: Hit by Pitch
Batting: RHB Tony Pena 0-0: Ball
1-0: Swinging Strike
1-1: Fly out, F8 (Flyball, 8RD, EV 107.5 MPH)
Batting: LHB Alfredo Edmead Pickoff Throw to First - Out! 1-3
Top of the 6th over - 0 runs, 0 hits, 0 errors, 0 left on base; Eugene 3 - San Jose 7
BOTTOM OF THE 6TH
San Jose Missions batting - Pitching for Eugene Emeralds : RHP Armando Gutierrez
Batting: SHB Curt Bryan 0-0: SINGLE (Flyball, 4MD, EV 88.8 MPH)
Batting: RHB Vance Law 0-0: Ball
1-0: Bunted foul
1-1: Bunted foul
1-2: Ball
2-2: Ball
3-2: Foul Ball, location: 2F
3-2: Ground out 4-3 (Groundball, 4, EV 83.8 MPH)
Curt Bryan to second
Batting: SHB Bip Roberts 0-0: Called Strike
0-1: Ball
1-1: Ball
2-1: Foul Ball, location: 2F
2-2: Ball
3-2: Base on Balls
Batting: LHB Marvell Wynne 0-0: SINGLE (Groundball, 4MD, EV 104.4 MPH)
Curt Bryan to third
Bip Roberts to second
Runner from 3rd tries for Home, SAFE, throw by CF to home
Pitching: LHP Martin Pavlik
Batting: RHB Ozzie Virgil 0-0: Foul Ball, location: 2F
0-1: Called Strike
0-2: SINGLE (Line Drive, 9S, EV 89.4 MPH)
Bip Roberts to third
Marvell Wynne to second
Runner from 3rd tries for Home, SAFE, throw by RF to home
Batting: SHB David Piller 0-0: Swinging Strike
0-1: Ball
1-1: Swinging Strike
1-2: Ball
2-2: Foul Ball, location: 2F
2-2: Ball
3-2: SINGLE (Line Drive, 7S, EV 111.9 MPH)
Marvell Wynne to third
Ozzie Virgil to second
Batting: LHB Steven Michael 0-0: Called Strike
0-1: Ball
1-1: Ball
2-1: Called Strike
2-2: Foul Ball, location: 2F
2-2: Fly out, F7 (Flyball, 7, EV 81.9 MPH)
Runner from 3rd tags up, SCORES, no throw by LF
Batting: RHB Pablo Cardiel 0-0: Called Strike
0-1: Ball
1-1: Ball
2-1: Ball
3-1: Hit by Pitch
Ozzie Virgil to third
David Piller to second
Batting: LHB Jesus Valerio 0-0: Called Strike
0-1: Ball
1-1: Swinging Strike
1-2: Ground out 3-1 (Groundball, 34, EV 93.8 MPH)
Bottom of the 6th over - 3 runs, 4 hits, 0 errors, 3 left on base; Eugene 3 - San Jose 10
TOP OF THE 7TH
Eugene Emeralds batting - Pitching for San Jose Missions : RHP Tim Hamm
Batting: LHB Alfredo Edmead 0-0: Called Strike
0-1: Swinging Strike
0-2: Ball
1-2: Strikes out swinging
Pinch Hitting: LHB Ron Harrison 0-0: Ball
1-0: Ball
2-0: Ball
3-0: Base on Balls
Batting: LHB Terry Lee 0-0: Ball
1-0: Foul Ball, location: 2F
1-1: Called Strike
1-2: Ball
2-2: Strikes out swinging
Pitching: RHP David Grier
Batting: RHB Derrell Baker 0-0: Ball
Ron Harrison is caught stealing 2nd base 2-4
Top of the 7th over - 0 runs, 0 hits, 0 errors, 0 left on base; Eugene 3 - San Jose 10
BOTTOM OF THE 7TH
San Jose Missions batting - Pitching for Eugene Emeralds : LHP Martin Pavlik
Now at 3B: Ron Harrison
Pinch Hitting: LHB Jack Perconte 0-0: Swinging Strike
0-1: Ball
1-1: Ball
2-1: Ball
3-1: Base on Balls
Batting: RHB Vance Law 0-0: Ball
1-0: Ball
2-0: Foul Ball, location: 2F
2-1: Foul Ball, location: 2F
2-2: Strikes out swinging
Batting: SHB Bip Roberts 0-0: Called Strike
0-1: Ball
1-1: Foul Ball, location: 2F
1-2: Ball
2-2: Ball
3-2: Foul Ball, location: 2F
3-2: Foul Ball, location: 2F
3-2: Foul Ball, location: 2F
3-2: Base on Balls
Jack Perconte to second
Batting: LHB Marvell Wynne 0-0: Ball
1-0: Called Strike
1-1: Ball
2-1: Foul Ball, location: 2F
2-2: SINGLE (Groundball, 4MS, EV 65.0 MPH) (infield hit)
Jack Perconte to third
Bip Roberts to second
Batting: RHB Ozzie Virgil 0-0: Called Strike
0-1: Fly out, F8 (Flyball, 8RXD, EV 94.4 MPH)
Runner from 3rd tags up, SCORES, no throw by CF
Bip Roberts to third
Pinch Hitting: LHB Raymond Alonzo 0-0: Called Strike
0-1: Swinging Strike
0-2: Fly out, F9 (Flyball, 89M, EV 98.1 MPH)
Bottom of the 7th over - 1 run, 1 hit, 0 errors, 2 left on base; Eugene 3 - San Jose 11
TOP OF THE 8TH
Eugene Emeralds batting - Pitching for San Jose Missions : RHP David Grier
Now at 1B: Raymond Alonzo
Now at 3B: Paul Runge
Batting: RHB Derrell Baker 0-0: Called Strike
0-1: Foul Ball, location: 2F
0-2: Ball
1-2: Foul Ball, location: 2F
1-2: Ball
2-2: Ball
3-2: Fly out, F6 (Popup, 6S, EV 79.4 MPH)
Batting: LHB James Peters 0-0: Ball
1-0: Ball
2-0: Ball
3-0: Called Strike
3-1: Swinging Strike
3-2: Ground out 4-3 (Groundball, 4, EV 106.3 MPH)
Batting: LHB Randy Bush 0-0: Ball
1-0: Swinging Strike
1-1: SINGLE (Flyball, 5D, EV 91.9 MPH)
Batting: LHB Ty Gainey 0-0: Ball
1-0: Foul Ball, location: 2F
1-1: Foul Ball, location: 2F
1-2: Ball
2-2: Ball
3-2: Foul Ball, location: 2F
3-2: Base on Balls
Randy Bush to second
Batting: LHB Dave Revering 0-0: Called Strike
0-1: Swinging Strike
0-2: Ball
1-2: Ball
2-2: Fly out, F8 (Flyball, 8LXD, EV 97.5 MPH)
Top of the 8th over - 0 runs, 1 hit, 0 errors, 2 left on base; Eugene 3 - San Jose 11
BOTTOM OF THE 8TH
San Jose Missions batting - Pitching for Eugene Emeralds : LHP Martin Pavlik
Batting: LHB Steven Michael 0-0: Ball
1-0: Called Strike
1-1: Foul Ball, location: 2F
1-2: Ground out 4-3 (Groundball, 4S, EV 83.8 MPH)
Batting: RHB Pablo Cardiel 0-0: Swinging Strike
0-1: Ball
1-1: Swinging Strike
1-2: Ball
2-2: Ball
3-2: Base on Balls
Pitching: RHP Jack Morris
Batting: LHB Jesus Valerio 0-0: Ball
1-0: Fly out, F7 (Flyball, 7LS, EV 82.5 MPH)
Batting: RHB Paul Runge 0-0: Ground out 6-3 (Groundball, 6M, EV 108.8 MPH)
Bottom of the 8th over - 0 runs, 0 hits, 0 errors, 1 left on base; Eugene 3 - San Jose 11
TOP OF THE 9TH
Eugene Emeralds batting - Pitching for San Jose Missions : RHP David Grier
Batting: RHB Tony Pena 0-0: Foul Ball, location: 2F
0-1: Foul Ball, location: 2F
0-2: Ball
1-2: Ground out 4-3 (Groundball, 4, EV 81.9 MPH)
Batting: LHB Alfredo Edmead 0-0: Ball
1-0: DOUBLE (Line Drive, 78XD, EV 100.0 MPH)
Batting: LHB Ron Harrison 0-0: Fly out, F8 (Flyball, 8LS, EV 81.9 MPH)
Batting: LHB Terry Lee 0-0: Called Strike
0-1: Ball
1-1: 2-RUN HOME RUN (Flyball, 9D, EV 97.5 MPH), Distance : 360 ft
Batting: RHB Derrell Baker 0-0: Ground out 6-3 (Groundball, 6, EV 92.5 MPH)
Top of the 9th over - 2 runs, 2 hits, 0 errors, 0 left on base; Eugene 5 - San Jose 11
Thursday, August 13th, 2020 - OOTP Baseball 21.5 Build 76